 Dungeon Crawl Stone Soup version 0.17-a0-1880-gacf7e67 (webtiles) character file.

79 mcbry74 the Insei (level 4, -5/24 HPs)
             Began as a Vine Stalker Monk on Sept 21, 2015.
             Killed by nerve-wracking pain
             ... invoked by Grinder
              (13 damage)
             ... on level 3 of the Dungeon.
             The game lasted 00:08:41 (1933 turns).

mcbry74 the Insei (Vine Stalker Monk)               Turns: 1933, Time: 00:08:42

Health: -5/24      AC:  2    Str: 14    XL:     4   Next: 37%
Magic:  0/5        EV: 13    Int: 10    God:
Gold:   95         SH:  0    Dex: 17    Spells: 0 memorised, 3 levels left

rFire  . . .     SeeInvis .       - Unarmed
rCold  . . .     Clarity  .     a - +0 robe
rNeg   . . .     SustAt   .     (no shield)
rPois  .         Gourm    .     (no helmet)
rElec  .         Spirit   +     (no cloak)
rCorr  .         Warding  .     (no gloves)
rMut   .         Stasis   .     (no boots)
MR     .....                    (no amulet)
Stlth  ++........               (no ring)
                                (no ring)

@: not resistant to hostile enchantments, unstealthy
A: fangs 2, regeneration 1, magic shield, antimagic bite, no device heal 3, rot
immunity
a: no special abilities


You were on level 3 of the Dungeon.
You were not hungry.

You visited 1 branch of the dungeon, and saw 3 of its levels.

You collected 95 gold pieces.

Inventory:

Armour
 a - a +0 robe (worn)
Jewellery
 g - an uncursed ring of stealth {unknown}
 p - an uncursed ring of stealth {unknown}
Scrolls
 d - 3 scrolls of enchant weapon {unknown}
 h - a scroll of immolation {unknown}
 i - 2 scrolls of random uselessness {unknown}
 j - 3 scrolls of identify {unknown}
 k - 5 scrolls of remove curse {unknown}
 l - a scroll of fog {unknown}
 n - 2 scrolls of teleportation {unknown}
Potions
 c - 2 potions of degeneration {unknown}
 e - a potion of curing {unknown}
 f - a potion of agility {unknown}
 m - 2 potions of flight {unknown}
 o - a potion of cancellation {unknown}
Comestibles
 b - 2 bread rations
 r - a beef jerky
 s - a meat ration


   Skills:
 + Level 3.2 Fighting
 + Level 3.0 Dodging
 + Level 2.7 Stealth
 * Level 4.8 Unarmed Combat


You had 3 spell levels left.
You didn't know any spells.

Dungeon Overview and Level Annotations

Branches:
Dungeon (3/15)

Altars:

Annotations:
D:3 Grinder


Innate Abilities, Weirdness & Mutations

You have extremely sharp teeth.
Your natural rate of healing is unusually fast.
When hurt, damage is shared between your health and your magic reserves.
Your bite disrupts and absorbs the magic of your enemies.
Potions and wands cannot restore your health.
You are immune to rotting.


Message History

Grinder gestures at you. Pain shoots through your body!
Grinder gestures at you. Pain shoots through your body!
There is an open door, spattered with blood here.
You see here 23 stones.
Grinder gestures at you. Pain shoots through your body!
* * * LOW HITPOINT WARNING * * *
You see here a quokka skeleton.
Grinder gestures at you.
You suddenly lose the ability to move!
Grinder says, "Tell me all your secrets, or I'll kill you."
You can move again.
Drink which item? (? for menu, Esc to quit)
Okay, then.
Grinder gestures at you. Pain shoots through your body!
Ouch! That really hurt!
You die...

#.....# ########.###.#######
.#####......#.#.........####
........................><.#
..?..................[#..#.######
.#####.####.###.#.....#..#.......
....5....##.# #.#.5##.#..########
.#####...##.###.#........######
#...##.....@...#....##...###
#...######.##..รท.....(...'..
##### #.###.##...##...### #.#
#......##...# #.# #####..##...#
#.# ##(##...# ######.## #.######
#.......# #..# #.......# ##.##


You could see Grinder.

Vanquished Creatures
  2 adders (D:3)
  2 oozes
  A worm (D:3)
  2 giant geckos (D:1)
  An orc (D:3)
  6 bats
  3 hobgoblins
  14 jackals
  A quokka (D:3)
  A giant newt (D:1)
  A goblin (D:3)
  6 kobolds
  5 rats
45 creatures vanquished.

Notes
Turn   | Place    | Note
--------------------------------------------------------------
     0 | D:1      | mcbry74 the Vine Stalker Monk began the quest for the Orb.
     0 | D:1      | Reached XP level 1. HP: 11/11 MP: 2/2
   250 | D:1      | Reached XP level 2. HP: 11/16 MP: 1/3
   606 | D:1      | Reached XP level 3. HP: 20/20 MP: 4/4
  1629 | D:3      | Reached XP level 4. HP: 10/24 MP: 1/5
  1787 | D:3      | Noticed Grinder
  1926 | D:3      | Paralysed by Grinder for 5 turns
  1933 | D:3      | Killed from afar by Grinder

Vault maps used:
D:1:      lightli_arrival_lavapool, feat_on_display
D:3:      uniq_grinder

Action                   |  1- 3 |  4- 6 || total
-------------------------+-------+-------++-------
Melee: Unarmed           |   137 |    25 ||   162
 Stab: Sleeping          |     2 |     1 ||     3
  Eat: Meat ration       |     1 |       ||     1
